Map: Thunderbird LE

Players

souL - Winner!

  • Race: Terran Terran
  • Spawn Location: 11:00

Miharu

  • Race: Zerg Zerg
  • Spawn Location: 5:00

VOD

Have the link to the VOD?

Description

Time

  • Played on: Sept. 6, 2019, 12:43 p.m.
  • Length: 9:58
Show
View Real Time Build Order
Export as new Build Order

souL Terran - Winner!

Build Orders: Reaper Expand, Hellion Banshee 

Get SALT Encoding   

  12  0:00  SCV  
  13  0:13  SCV  
  14  0:17  Supply Depot  
  14  0:25  SCV  
  15  0:39  SCV  
  15  0:40  Barracks  
  16  0:45  Refinery  
  16  0:51  SCV  
  17  1:03  SCV  
  18  1:15  SCV  
  19  1:28  Reaper  
  19  1:29  Orbital Command  
  20  1:41  Command Center  
  20  1:50  Supply Depot  
  20  1:54  SCV  
  20  2:00  Marine  
  22  2:06  SCV  
  23  2:08  Factory  
  23  2:17  Refinery  
  23  2:19  SCV  
  23  2:22  Barracks Reactor  
  24  2:31  SCV  
  25  2:43  SCV  
  24  2:55  SCV  
  23  2:59  Starport  
  25  3:06  Hellion x2  
  25  3:07  SCV  
  25  3:10  Barracks Tech Lab  
  28  3:16  Orbital Command  
  29  3:20  SCV  
  29  3:29  Hellion  
  29  3:32  SCV  
  29  3:34  Hellion  
  34  3:42  SCV  
  34  3:44  SCV  
  36  3:48  Cloaking Field  
  36  3:54  Hellion  
  38  3:56  Hellion  
  38  3:58  SCV  
  38  4:00  Banshee  
  43  4:05  Supply Depot  
  43  4:07  Barracks Tech Lab  
  43  4:10  SCV  
  43  4:12  SCV  
  43  4:16  Supply Depot  
  45  4:22  SCV  
  46  4:27  SCV, Marine, Stimpack  
  48  4:34  SCV  
  49  4:39  SCV  
  49  4:40  Supply Depot  
  49  4:44  Marine  
  49  4:45  Banshee  
  49  4:46  SCV  
  49  4:51  SCV  
  54  4:58  SCV  
  55  5:02  Marine  
  55  5:03  Command Center  
  56  5:08  SCV, Supply Depot  
  56  5:10  SCV, Factory Reactor  
  58  5:18  Barracks  
  58  5:20  SCV, Barracks  
  59  5:21  Marine  
  59  5:22  SCV  
  61  5:33  SCV  
  61  5:35  SCV  
  63  5:37  Refinery  
  63  5:38  Engineering Bay  
  63  5:40  Starport Reactor, Refinery, Engineering Bay  
  63  5:45  Marine, SCV  
  63  5:47  SCV  
  63  5:49  Supply Depot  
  66  5:57  SCV  
  66  5:59  Siege Tank, SCV  
  66  6:03  Marine  
  72  6:06  Combat Shield  
  72  6:09  SCV  
  73  6:13  Marine x2  
  73  6:14  SCV  
  73  6:17  Orbital Command  
  76  6:18  Terran Infantry Armor Level 1, Terran Infantry Weapons Level 1  
  76  6:21  Marine x3  
  76  6:25  Medivac  
  81  6:27  Medivac  
  81  6:28  SCV  
  81  6:31  Marine x2  
  86  6:35  Supply Depot  
  86  6:38  Marine  
  86  6:39  Siege Tank  
  90  6:40  Marine, SCV  
  90  6:41  SCV  
  90  6:43  Orbital Command  
  90  6:44  Marine  
  94  6:48  Marine  
  94  6:49  Marine  
  94  6:52  SCV  
  97  6:54  SCV  
  97  6:56  Marine  
  97  6:58  Marine, Supply Depot x2  
  100  7:01  Marine  
  100  7:04  SCV  
  100  7:06  Marine x2, SCV  
  105  7:13  SCV  
  105  7:14  Marine, Armory  
  107  7:15  Marine  
  107  7:16  SCV  
  107  7:19  Marine, SCV  
  111  7:24  Marine x2  
  111  7:25  SCV  
  111  7:27  Supply Depot x2  
  111  7:28  SCV  
  115  7:32  Marine  
  115  7:33  Marine  
  117  7:37  Marine  
  117  7:38  SCV x2  
  117  7:39  Barracks  
  117  7:40  SCV, Barracks  
  117  7:42  Marine x2  
  123  7:50  Marine, SCV x2  
  125  7:51  Marine  
  125  7:55  Marine, Medivac  
  129  8:00  Marine x2  
  129  8:02  Command Center  
  130  8:07  Marine  
  130  8:09  Marine  
  130  8:10  Medivac  
  127  8:13  Marine  
  127  8:14  Siege Tank  
  127  8:15  SCV  
  127  8:17  Marine  
  127  8:18  Marine  
  131  8:21  Refinery x2  
  131  8:23  SCV x2  
  131  8:25  Marine, Medivac  
  131  8:26  Supply Depot  
  136  8:30  Supply Depot  
  136  8:31  Marine  
  136  8:33  Marine  
  138  8:35  Marine  
  138  8:36  Marine  
  140  8:43  Marine  
  140  8:46  Siege Tank  
  140  8:48  Medivac  
  136  8:49  Marine  
  136  8:50  Marine  
  136  8:51  Barracks Reactor x2  
  136  8:52  Factory  
  136  8:53  Marine x2, SCV  
  136  8:55  Medivac  
  143  8:59  SCV  
  143  9:00  Supply Depot  
  143  9:01  Marine  
  143  9:02  Supply Depot  
  145  9:04  SCV  
  145  9:07  Marine  
  145  9:08  Marine  
  148  9:11  Marine x2  
  150  9:17  SCV x3  
  150  9:19  Marine  
  154  9:25  Marine  
  154  9:26  Marine  
  154  9:29  Marine x3, SCV  
  155  9:31  Marine  
  155  9:35  Marine x2  
  155  9:36  Marine  
  127  9:51  Factory Tech Lab  
Show
View Real Time Build Order
Export as new Build Order

Miharu Zerg 

Build Orders: Pool First 

Get SALT Encoding   

  12  0:01  Drone  
  13  0:12  Overlord  
  13  0:17  Drone  
  14  0:31  Drone  
  14  0:32  Drone  
  16  0:42  Spawning Pool  
  16  0:44  Drone  
  16  1:06  Hatchery  
  16  1:09  Drone  
  16  1:29  Zergling x6  
  16  1:31  Queen  
  21  1:40  Drone  
  22  2:01  Overlord  
  22  2:08  Hatchery  
  21  2:16  Drone  
  21  2:19  Extractor  
  21  2:24  Drone x2  
  21  2:26  Drone  
  25  2:37  Drone x2  
  25  2:41  Drone  
  27  2:47  Drone  
  27  2:49  Drone x2  
  29  2:52  Drone  
  29  2:53  Drone  
  29  2:56  Queen  
  31  3:00  Queen  
  33  3:14  Roach Warren  
  33  3:16  Drone x3  
  35  3:21  Zergling x2  
  35  3:22  Zergling x2  
  37  3:31  Drone x3  
  40  3:36  Queen  
  40  3:37  Overlord  
  41  3:59  Roach  
  41  4:00  Roach x2  
  41  4:02  Extractor, Drone x3  
  49  4:06  Extractor, Drone x2  
  49  4:08  Overlord  
  50  4:11  Overlord  
  50  4:26  Queen x2  
  50  4:30  Roach  
  50  4:31  Roach x2  
  59  4:34  Queen  
  59  4:36  Overlord  
  61  4:51  Overlord  
  61  4:53  Spore Crawler  
  61  4:59  Drone x5  
  65  5:01  Drone  
  65  5:02  Spore Crawler  
  65  5:03  Spore Crawler  
  65  5:05  Spore Crawler  
  63  5:09  Lair, Drone  
  63  5:11  Drone  
  63  5:13  Drone  
  66  5:18  Drone x2  
  68  5:21  Drone  
  67  5:36  Drone x2  
  67  5:37  Overlord, Drone  
  67  5:42  Queen  
  70  5:44  Drone x2  
  70  5:48  Overlord x2  
  74  5:55  Evolution Chamber  
  74  5:56  Drone, Evolution Chamber  
  74  5:57  Drone  
  73  6:07  Overseer  
  73  6:10  Overseer  
  69  6:16  Drone x3  
  69  6:17  Drone  
  73  6:19  Drone  
  73  6:20  Glial Reconstitution  
  73  6:22  Zerg Missile Weapons Level 1  
  73  6:23  Zerg Ground Armor Level 1  
  73  6:24  Roach x4  
  82  6:33  Roach  
  82  6:34  Roach x4  
  82  6:39  Roach  
  94  6:42  Roach  
  96  6:50  Drone  
  97  6:54  Drone  
  97  6:55  Extractor  
  97  6:56  Overlord x2  
  97  6:58  Overlord, Drone  
  98  7:13  Overseer  
  98  7:17  Roach  
  98  7:18  Roach x7  
  98  7:20  Overlord  
  98  7:21  Drone x3  
  117  7:36  Baneling Nest  
  115  7:44  Zergling x2  
  115  7:45  Zergling x22  
  115  7:46  Metabolic Boost, Hydralisk Den  
  114  8:14  Drone x4  
  114  8:15  Drone  
  117  8:22  Drone x3  
  117  8:23  Drone  
  117  8:24  Drone x2  
  117  8:26  Grooved Spines  
  123  8:29  Overlord, Queen x2  
  123  8:30  Queen  
  123  8:31  Drone  
  123  8:33  Overlord  
  122  8:54  Drone x6  
  128  8:56  Drone  
  128  8:58  Drone  
  130  9:10  Baneling x4  
  130  9:16  Baneling x2  
  130  9:22  Baneling x2  
  130  9:24  Overlord x3  
  130  9:25  Drone x2  
Tags
 
Add a new tag
Caveats
  • Supply blocks, unpowered buildings, or Contaminate may cause inaccurate times.
  • Supply counts are checked every 10 seconds.